 Dungeon Crawl Stone Soup version 0.21-a0-401-g0b6bec4 (webtiles) character file.

16 Mitsuki the Changer (level 2, 0/21 HPs)
             Began as a Merfolk Transmuter on Oct 22, 2017.
             Slain by a gnoll (3 damage)
             ... on level 1 of the Dungeon.
             The game lasted 00:01:57 (625 turns).

Mitsuki the Changer (Merfolk Transmuter)             Turns: 625, Time: 00:01:58

Health: 0/21       AC:  2    Str: 10    XL:     2   Next: 58%
Magic:  0/5        EV: 13    Int: 12    God:
Gold:   0          SH:  0    Dex: 14    Spells: 2/5 levels left

rFire    . . .     SeeInvis .     - Unarmed
rCold    . . .     Gourm    .   (no shield)
rNeg     . . .     Faith    .   b - +0 robe
rPois    .         Spirit   .   (no helmet)
rElec    .         Reflect  .   (no cloak)
rCorr    .         Harm     .   (no gloves)
MR       .....                  (no boots)
Stlth    +.........             (no amulet)
HPRegen  0.07/turn              (no ring)
MPRegen  0.09/turn              (no ring)

@: appendage (expiring)
A: change form in water, swift swim, stealthy swim, horns 2
a: End Transformation


You were on level 1 of the Dungeon.
You were not hungry.
You had grown temporary horns.
You visited 1 branch of the dungeon, and saw 1 of its levels.

Inventory:

Missiles
 a - 30 arrows
Armour
 b - a +0 robe (worn)
Scrolls
 e - 3 scrolls of blinking {unknown}
 g - a scroll of immolation {unknown}
 h - a scroll of enchant armour {unknown}
Books
 c - a book of Changes

   Spells                             Type                      Level
   a - Beastly Appendage              Transmutation                1
   b - Sticks to Snakes               Transmutation                2
   c - Spider Form                    Transmutation/Poison         3
   d - Ice Form                       Ice/Transmutation            4
   e - Blade Hands                    Transmutation                5
Comestibles
 d - a bread ration
 f - 5 chunks of flesh


   Skills:
 - Level 1.1 Fighting
 - Level 2.6 Dodging
 - Level 3.2 Unarmed Combat
 + Level 2.0 Spellcasting
 + Level 4.1 Transmutations


You had 2 spell levels left.
You knew the following spells:

 Your Spells              Type           Power        Failure   Level  Hunger
a - Beastly Appendage     Tmut           ##....       4%          1    ##.....
b - Sticks to Snakes      Tmut           ##......     8%          2    ###....


Dungeon Overview and Level Annotations

Branches:
Dungeon (1/15)

Altars:


Innate Abilities, Weirdness & Mutations

You revert to your normal form in water.
You are very nimble and swift while swimming.
You are very stealthy in the water. (Stealth+)
You have a pair of horns on your head.


Message History

You now have 2/5 mp.
The bat hits you.
* * * LOW HITPOINT WARNING * * *
The bat hits you but does no damage.
You take 1 damage, and have 3/21 hp.
The bat hits you.
* * * LOW HITPOINT WARNING * * *
The bat barely misses you.
You take 1 damage, and have 2/21 hp.
The bat closely misses you. The bat barely misses you.
Your transformation is almost over.
The bat hits you but does no damage.
You hit the bat.
You kill the bat!
Casting: Sticks to Snakes
Confirm with . or Enter, or press ? or * to list all spells.
You create a snake!
You now have 30 arrows.
* * * LOW MAGIC WARNING * * *
The gnoll hits you.
You die...

..####...###.#'####
#.......#.# #..÷.)..#.#
##.####.#.###### #†#
#.#......# #.#
#.######.#
#######K####........#
#.#.....g...##........#
#....S.@....##........#
##..........##)##.....#
#.######)####.##.#####
#.# #.......#.#
#.######.......#.######
#.##...........#.......
########
#.##.###.##############
.......# #..#.#......#
.⌠.⌠.⌠.## ##.#.#.#.##.#


You could see a gnoll, a kobold and a friendly ball python.

Vanquished Creatures
  3 hobgoblins (D:1)
  A kobold (D:1)
  4 bats (D:1)
  2 frilled lizards (D:1)
  3 goblins (D:1)
  2 rats (D:1)
15 creatures vanquished.

Notes
Turn   | Place    | Note
-------+----------+-------------------------------------------
     0 | D:1      | Mitsuki the Merfolk Transmuter began the quest for the Orb.
     0 | D:1      | Reached XP level 1. HP: 15/15 MP: 3/3
    70 | D:1      | Reached skill level 3 in Transmutations
   369 | D:1      | Reached XP level 2. HP: 21/21 MP: 3/5
   431 | D:1      | Reached skill level 4 in Transmutations
   598 | D:1      | Learned a level 2 spell: Sticks to Snakes
   625 | D:1      | Slain by a gnoll

Vault maps used:
D:1:      mainiacjoe_arrival_reflecting_pool

Skill      XL: |  1  2 |
---------------+-------+-----
Transmutations | 3 4 |  4.1
Fighting       | |  1.1
Dodging        | |  2.6
Unarmed Combat | |  3.2
Spellcasting   | |  2.0

Action                   || total
-------------------------++-------
Melee: Unarmed           ||    52
       Headbutt          ||     5
       Punch             ||     1
 Cast: Beastly Appendage ||     9
       Sticks to Snakes  ||     2
 Stab: Sleeping          ||     1
Armor: Robe              ||    23
Dodge: Dodged            ||    43

Table legend:
 A = Spawn XP
 B = Non-spawn XP
 C = Spawn XP percentage of total XP
 D = Spawn monster count
 E = Non-spawn monster count
 F = Spawn count percentage of total count
 G = Total turns spent on level
                    A         B        C        D         E        F      G
               +---------+---------+-------+---------+---------+-------+---------
         Total |       0 |      24 |   0.0 |       0 |      15 |   0.0 |   625
               +---------+---------+-------+---------+---------+-------+---------
           D:1 |       0 |      24 |   0.0 |       0 |      15 |   0.0 |   625
               +---------+---------+-------+---------+---------+-------+---------
